 Dungeon Crawl Stone Soup version 0.29-a0-398-ge13fd1374b (webtiles) character file.

Game seed: 4851264967141757227

715 siradein the Grave Robber (level 7, -6/50 HPs)
             Began as a Ghoul Necromancer on May 12, 2022.
             Mangled by a troll (7 damage)
             ... on level 6 of the Dungeon on May 13, 2022.
             The game lasted 00:21:11 (7342 turns).

siradein the Grave Robber (Ghoul Necromancer)       Turns: 7342, Time: 00:21:13

Health: -6/50      AC:  3    Str: 12    XL:     7   Next: 69%
Magic:  6/13       EV: 12    Int: 12    God:
Gold:   239        SH:  0    Dex:  9    Spells: 8/16 levels left

rFire   + . .      SeeInvis .   b - +1 dagger (venom)
rCold   + . .      Faith    .   (no shield)
rNeg    + + +      Spirit   .   u - +0 robe
rPois   ∞          Reflect  .   g - +0 helmet
rElec   .          Harm     .   (no cloak)
rCorr   .          Rampage  .   (no gloves)
Will    .....                   (no boots)
Stlth   ++........              (no amulet)
HPRegen 0.00/turn               B - ring of wizardry
MPRegen 0.13/turn               l - ring of protection from fire

@: inhibited regen
A: claws 1, cold resistance 1, negative energy resistance 3, inhibited
regeneration, torment resistance 2, devour on kill
a: no special abilities


You were on level 6 of the Dungeon.
You visited 1 branch of the dungeon, and saw 6 of its levels.

You collected 239 gold pieces.

Inventory:

Hand Weapons
 a - a +0 triple crossbow
 b - a +1 dagger of venom (weapon)
Armour
 g - a +0 helmet (worn)
 u - a +0 robe (worn)
Jewellery
 i - a ring of resist corrosion
 l - a ring of protection from fire (right claw)
 z - an amulet of guardian spirit
 B - a ring of wizardry (left claw)
Wands
 o - a wand of digging (5)
 q - a wand of flame (19)
 s - a wand of iceblast (16)
 y - a wand of mindburst (6)
Scrolls
 c - a scroll of magic mapping
 e - 2 scrolls of poison
 f - a scroll of immolation
 h - 2 scrolls of amnesia {unknown}
 m - a scroll of fear {unknown}
 n - a scroll of blinking {unknown}
 p - 2 scrolls of teleportation {unknown}
 w - a scroll of torment {unknown}
 x - a scroll of enchant armour {unknown}
 A - a scroll of enchant weapon {unknown}
Potions
 d - 2 potions of ambrosia
 j - a potion of magic
 k - a potion of heal wounds
 r - a potion of attraction {unknown}
 t - a potion of haste {unknown}
 v - a potion of flight {unknown}


   Skills:
 - Level 1.7 Dodging
 - Level 2.1 Stealth
 + Level 5.1 Spellcasting
 + Level 7.1 Necromancy


You had 8 spell levels left.
You knew the following spells:

 Your Spells              Type           Power      Damage    Failure   Level
a - Pain                  Necr           80%        1d8       1%          1
b - Vampiric Draining     Necr           20%        2d7       1%          3
c - Animate Dead          Necr           10%        N/A       4%          4

Your spell library contained the following spells:

 Spells                   Type           Power      Damage    Failure   Level
 Animate Skeleton         Necr           40%        N/A       1%          1
 Shock                    Conj/Air       12%        1d3       9%          1
 Ensorcelled Hibernation  Hex/Ice        6%         N/A       12%         2
 Passwall                 Tmut/Erth      2%         N/A       12%         2
 Agony                    Necr           20%        N/A       12%         5
 Inner Flame              Hex/Fire       3%         N/A       24%         3
 Swiftness                Air            3%         N/A       24%         3
 Airstrike                Air            1%         N/A       58%         4
 Cause Fear               Hex            1%         N/A       58%         4
 Discord                  Hex            1%         N/A       100%        8


Dungeon Overview and Level Annotations

Branches:
Dungeon (6/15)
 Temple: D:4-7

Altars:
Hepliaklqana
Vehumet


Innate Abilities, Weirdness & Mutations

You are immune to poison.
You have sharp fingernails.
Your flesh is cold resistant. (rC+)
You are immune to negative energy. (rN+++)
You do not regenerate when monsters are visible.
You are immune to unholy pain and torment.
You thrive by killing the living.


Message History

You kill the adder!
You now have 230 gold pieces (gained 6).
You now have 239 gold pieces (gained 9).
There is a stone staircase leading down here.
The troll writhes in agony!
Casting: Pain (safe; 1% risk of failure)
Confirm with . or Enter, or press ? or * to list all spells.
You call on the dead to rise...
The dead are walking!
The troll bites your orc priest skeleton!
Your orc priest skeleton is destroyed!
Your orc skeleton barely misses the troll.
The troll barely resists.
Your orc skeleton barely misses the troll.
The troll writhes in agony!
Your orc skeleton completely misses the troll.
The troll barely resists.
The troll completely misses you. The troll claws you.
The troll barely misses you.
Unknown command.
The troll writhes in agony.
Your orc skeleton hits the troll with a +0 short sword.
The troll bites you! The troll claws you! The troll barely misses you.
You are too injured to fight recklessly!
You are too injured to fight recklessly!
You are too injured to fight recklessly!
You are too injured to fight recklessly!
You are too injured to fight recklessly!
You are too injured to fight recklessly!
You hit the troll.
The troll is poisoned.
The troll is moderately wounded.
The troll bites you. The troll claws you. The troll claws you!
* * * LOW HITPOINT WARNING * * *
Your orc skeleton closely misses the troll.
You barely miss the troll.
The troll is lightly wounded.
The troll bites you.
* * * LOW HITPOINT WARNING * * *
The troll claws you.
* * * LOW HITPOINT WARNING * * *
The troll claws you!
You die...

############ #.# #..........# #.#
##### #....#####.# #.# #....
########.##### ##.######.####....
#≈≈≈≈#..>#...###...........T.....
#≈≈≈≈#.#.#._.§§..(######T####....
'≈≈≈≈'.#.#...###..######.# ####.
#≈≈≈≈###.#######..Z....#.# ##
#≈≈≈≈# #.# #..@T)......# # ######
#.# #.........### # ..# #.#
#.........# # ..# #.# #...#######
# ### #.# ###......# # #.#
#......# #.##############
#.......# #.#######


You could see a troll (very poisoned, ally target) and a friendly orc skeleton.

Vanquished Creatures
  An ogre (D:4)
  2 scorpions
  2 howler monkeys
  An orc priest (D:6)
  A jelly (D:5)
  3 hounds (D:5)
  Ijyb (D:3)
  2 iguanas (D:5)
  An orc wizard (D:6)
  4 gnolls
  7 adders
  2 worms
  3 orcs
  8 endoplasms
  2 giant cockroaches
  5 goblins
  6 hobgoblins
  9 jackals
  6 quokkas
  8 ball pythons
  4 bats
  2 frilled lizards
  7 kobolds
  7 rats
94 creatures vanquished.

Vanquished Creatures (others)
  13 plants (D:5)
13 creatures vanquished.

Grand Total: 107 creatures vanquished

Notes
Turn   | Place    | Note
-------+----------+-------------------------------------------
     0 | D:1      | siradein the Ghoul Necromancer began the quest for the Orb.
     0 | D:1      | Reached XP level 1. HP: 14/14 MP: 2/2
   285 | D:1      | Reached XP level 2. HP: 14/20 MP: 0/4
   972 | D:1      | Reached XP level 3. HP: 26/26 MP: 1/5
   976 | D:1      | Learned a level 3 spell: Vampiric Draining
  1389 | D:1      | Found a faded altar of an unknown god.
  2047 | D:2      | Reached XP level 4. HP: 33/33 MP: 1/7
  2117 | D:2      | Learned a level 4 spell: Animate Dead
  2765 | D:3      | Noticed Ijyb
  2810 | D:3      | Killed Ijyb
  2811 | D:3      | Reached skill level 5 in Necromancy
  3160 | D:3      | Reached XP level 5. HP: 38/38 MP: 1/8
  4123 | D:4      | Noticed an ogre
  4862 | D:4      | Killed an ogre
  4863 | D:4      | Reached XP level 6. HP: 35/45 MP: 2/10
  5560 | D:5      | Entered Level 5 of the Dungeon
  5725 | D:5      | Reached skill level 6 in Necromancy
  5934 | D:5      | Found a radiant altar of Vehumet.
  6105 | D:5      | Reached XP level 7. HP: 49/50 MP: 4/12
  6687 | D:6      | Noticed a troll
  6986 | D:6      | Reached skill level 5 in Spellcasting
  6992 | D:6      | Reached skill level 7 in Necromancy
  7125 | D:6      | Found a hazy altar of Hepliaklqana.
  7342 | D:6      | HP: 1/50 [troll (6)]
  7342 | D:6      | Mangled by a troll

Illustrated notes

Levels and vault maps discovered:
D:1:      lightli_arrival_quake, layout_basic,
          chequers_ecumenical_altar_simple_redux, minmay_heptomino_d4
D:2:      layout_loops_cross, skrybe_limestone_x
D:3:      layout_loops_cross, uniq_ijyb
D:4:      layout_gridville, kennysheep_generic_room_13
D:5:      layout_gridville, nicolae_vehumet_radiance, serial_bayou,
          serial_bayou_crossing, serial_bayou_ford_a, serial_bayou_lagoon_a,
          serial_bayou_lake_a
D:6:      layout_basic, nzn_hepliaklqana_mist_gate,
          chequers_serial_rivers_room_b, hangedman_abyss_or_decor_stabs,
          minmay_three_doors

Skill      XL: |  1  2  3  4  5  6  7 |
---------------+----------------------+-----
Spellcasting   | 2 3 4 5 |  5.1
Necromancy     | 5 6 7 |  7.1
Dodging        | |  1.7
Stealth        | |  2.1

Action                   |  1- 3 |  4- 6 |  7- 9 || total
-------------------------+-------+-------+-------++-------
Melee: Unarmed           |    20 |       |       ||    20
       Whip              |    25 |    15 |       ||    40
       Dagger            |       |     2 |     3 ||     5
 Fire: Triple crossbow   |       |    15 |     8 ||    23
 Cast: Pain              |    69 |   105 |    44 ||   218
       Vampiric Draining |       |     3 |     2 ||     5
       Animate Dead      |       |       |     1 ||     1
  Use: Scroll            |       |     5 |       ||     5
Armor: Robe              |    12 |    13 |     3 ||    28
Dodge: Dodged            |    32 |    38 |    16 ||    86

Table legend: (Time is in decaauts)
 A = Elapsed time spent in this place.
 B = Non-inter-level travel time spent in this place.
 C = Inter-level travel time spent in this place.
 D = Time resting spent in this place.
 E = Time spent auto-exploring this place.
 F = Levels seen in this place.
 G = Mean time per level.
                   A        B        C        D        E       F      G
               +--------+--------+--------+--------+--------+-----+--------+
         Total |   7426 |   7224 |    202 |    437 |   5871 |   6 | 1237.7 |
       Dungeon |   7426 |   7224 |    202 |    437 |   5871 |   6 | 1237.7 |
               +--------+--------+--------+--------+--------+-----+--------+

Top non-repeatable levels by time:
     D:4: 1942 daAuts
     D:1: 1690 daAuts
     D:5: 1288 daAuts
     D:3: 1217 daAuts
     D:2: 867 daAuts
     D:6: 419 daAuts
